AoeStats
← EmirR6S

Black Forest

506684493Analyzed
4v4 RM · 16d ago on Sep 14, 2026· 62m 19s· 8 players
Game mode
Random Map
Map size
Large (8 player)
Population
200
Speed
Normal
Resources
Standard
Victory
Conquest
Starting age
Dark Age
Ending age
Imperial Age
RankedLock teamsTeams togetherTeam positionsShared explorationLock speedFull tech treeHidden civsTurbo modeCheats
Victory
Defeat
🇹🇷 Khmer · Türkiye
967
+12
🇹🇷 Bulgarians · Türkiye
927
+13
🇬🇧 Britons · United Kingdom
854
+16
🇹🇷 Byzantines · Türkiye
798
+19
🇷🇴 Spanish · Romania
915
-17
🇷🇴 Vikings · Romania
892
-16
🇷🇴 Turks · Romania
841
-14
🇷🇴 Franks · Romania
826
-13
Nano
8:12 Loom
10:28 Feudal Age
11:53 Wheelbarrow
11:20 Double-Bit Axe
12:40 Gold Mining
19:08 Castle Age
18:45 Horse Collar
20:22 Hand Cart
23:08 Heavy Plow
24:44 Bow Saw
25:33 Crossbowman
35:28 Imperial Age
32:54 Stone Mining
34:58 Fletching
35:09 Padded Archer Armor
35:31 Sanctity
36:25 Yeomen
37:04 Arbalester
38:11 Bodkin Arrow
39:55 Hoardings
41:40 Chemistry
41:01 Ballistics
40:50 Elite Longbowman
47:07 Bracer
47:23 Leather Archer Armor
47:10 Caravan
50:10 Masonry
53:25 Ring Archer Armor
59:44 Architecture
simbirbey
1:18 Loom
14:26 Feudal Age
18:45 Wheelbarrow
21:24 Castle Age
20:55 Double-Bit Axe
20:55 Horse Collar
21:50 Stone Mining
24:21 Gold Mining
26:37 Wheelbarrow
26:26 Bow Saw
26:31 Squires
26:18 Gambesons
26:38 Husbandry
26:50 Forging
26:46 Scale Barding Armor
27:29 Heavy Plow
28:48 Stone Shaft Mining
29:39 Fortified Wall
30:26 Iron Casting
30:12 Chain Barding Armor
32:11 Gold Shaft Mining
31:09 Pikeman
32:02 Treadmill Crane
33:57 Ballistics
34:22 Hand Cart
36:41 Imperial Age
36:59 Murder Holes
37:16 Greek Fire
36:45 Halberdier
38:52 Conscription
40:25 Crop Rotation
41:13 Chemistry
42:34 Two-Man Saw
46:08 Bombard Tower
46:24 Hand Cart
45:40 Light Cavalry
49:24 Cavalier
54:05 Hussar
Jeladam
3:42 Loom
12:14 Feudal Age
14:02 Double-Bit Axe
13:58 Horse Collar
14:49 Gold Mining
15:32 Stone Mining
18:17 Castle Age
19:40 Heavy Plow
20:17 Gold Shaft Mining
19:55 Bow Saw
20:23 Stone Shaft Mining
29:37 Imperial Age
27:45 Wheelbarrow
26:56 Town Watch
27:20 Scale Barding Armor
28:25 Chain Barding Armor
28:25 Forging
28:52 Hand Cart
29:47 Iron Casting
29:44 Town Patrol
29:42 Fletching
30:51 Crop Rotation
30:54 Ballistics
30:40 Husbandry
30:50 Bloodlines
31:14 Elite Battle Elephant
33:00 Plate Barding Armor
34:52 Blast Furnace
34:58 Coinage
34:31 Caravan
35:23 Bodkin Arrow
36:30 Chemistry
36:19 Banking
36:27 Bracer
36:41 Tusk Swords
37:04 Conscription
37:21 Hoardings
36:59 Masonry
46:13 Devotion
caglacula
2:33 Loom
15:06 Feudal Age
20:07 Castle Age
19:06 Double-Bit Axe
19:05 Horse Collar
22:48 Bow Saw
22:55 Heavy Plow
23:05 Stone Mining
24:45 Fletching
26:48 Forging
26:58 Gambesons
29:29 Gold Mining
30:19 Iron Casting
31:59 Bodkin Arrow
35:26 Imperial Age
33:23 Scale Mail Armor
33:45 Ballistics
35:31 Chain Mail Armor
35:40 Scale Barding Armor
36:17 Gold Shaft Mining
36:16 Elite Konnik
38:35 Chemistry
38:33 Stirrups
40:00 Blast Furnace
39:40 Bagains
42:07 Wheelbarrow
42:04 Plate Mail Armor
41:58 Chain Barding Armor
43:15 Stone Shaft Mining
43:51 Plate Barding Armor
46:33 Bracer
51:12 Elite Skirmisher
55:19 Bagains
55:39 Conscription
55:19 Bagains
59:12 Pikeman
59:56 Squires
59:43 Halberdier
THE SUSPECT
10:39 Feudal Age
11:55 Gold Mining
12:36 Loom
17:29 Castle Age
18:23 Wheelbarrow
18:58 Double-Bit Axe
22:25 Horse Collar
23:07 Stone Mining
24:55 Gold Shaft Mining
25:56 Heavy Plow
26:53 Hand Cart
32:10 Imperial Age
32:50 Caravan
33:19 Conscription
33:34 Elite Janissary
34:45 Ballistics
36:56 Padded Archer Armor
39:14 Artillery
46:38 Leather Archer Armor
49:22 Bloodlines
49:13 Husbandry
50:45 Forging
50:41 Scale Barding Armor
51:08 Ring Archer Armor
50:23 Heavy Camel Rider
52:28 Iron Casting
55:53 Blast Furnace
George Droyd
0:36 Loom
12:14 Feudal Age
16:04 Castle Age
15:05 Horse Collar
15:14 Double-Bit Axe
17:38 Heavy Plow
22:28 Stone Mining
24:07 Wheelbarrow
24:17 Gold Mining
32:19 Imperial Age
30:49 Hand Cart
34:07 Chemistry
32:31 Elite Conquistador
34:25 Bow Saw
34:58 Stone Shaft Mining
35:01 Scale Mail Armor
35:03 Padded Archer Armor
34:54 Fletching
35:46 Thumb Ring
36:34 Leather Archer Armor
36:14 Bodkin Arrow
38:41 Caravan
42:42 Ring Archer Armor
42:07 Bodkin Arrow
44:56 Conscription
46:01 Elite Skirmisher
48:20 Ballistics
EmirR6S
3:46 Loom
12:31 Feudal Age
16:58 Castle Age
14:58 Double-Bit Axe
22:23 Gold Mining
22:24 Stone Mining
22:23 Horse Collar
24:21 Bow Saw
25:43 Heavy Plow
27:11 Gold Shaft Mining
28:32 Forging
34:47 Imperial Age
33:00 Town Watch
33:53 Iron Casting
33:18 Scale Mail Armor
33:09 Fletching
33:19 Padded Archer Armor
32:41 Crossbowman
34:31 Chieftains
35:38 Bogsveigar
36:01 Chain Mail Armor
35:34 Arbalester
36:58 Bodkin Arrow
37:18 Leather Archer Armor
37:44 Conscription
39:43 Crop Rotation
39:38 Bracer
40:08 Ring Archer Armor
40:38 Blast Furnace
40:08 Plate Mail Armor
39:43 Pikeman
40:23 Squires
40:18 Elite Berserk
45:26 Arson
49:54 Town Patrol
YANNICKKO
10:15 Feudal Age
8:31 Loom
16:29 Castle Age
14:46 Double-Bit Axe
15:56 Gold Mining
17:13 Wheelbarrow
24:29 Scale Barding Armor
24:36 Forging
29:19 Imperial Age
26:38 Loom
27:10 Hand Cart
28:26 Chain Barding Armor
28:43 Iron Casting
28:49 #83
30:12 Cavalier
31:49 Gold Shaft Mining
31:08 Stone Mining
31:32 Bow Saw
32:31 Blast Furnace
34:40 Plate Barding Armor
34:40 Siege Engineers
37:06 Paladin
41:50 Elite Throwing Axeman
44:52 Chivalry
Connection lost

Rejoining the realm…

Still unreachable

The connection could not be restored.

Session expired

The server has moved on; the page needs a fresh start.